 Dungeon Crawl Stone Soup version 0.20.1-1-g8b1a95d (webtiles) character file.

2237 Lorindel the Insei (level 9, -20/86 HPs)
             Began as a Black Draconian Transmuter on July 15, 2017.
             Was a Believer of Qazlal.
             Demolished by a two-headed ogre
             ... wielding a +0 giant club
              (25 damage)
             ... on level 6 of the Dungeon on July 16, 2017.
             The game lasted 00:49:01 (4706 turns).

Lorindel the Insei (Black Draconian Transmuter)     Turns: 4706, Time: 00:49:02

Health: -20/86     AC:  7    Str: 13    XL:     9   Next: 14%
Magic:  16/24      EV: 11    Int: 15    God:    Qazlal [**....]
Gold:   348        SH:  3    Dex: 13    Spells: 1/16 levels left

rFire    x . .     SeeInvis .     - Unarmed
rCold    + + +     Gourm    .   (shield currently unavailable)
rNeg     . . .     Faith    .   (armour unavailable)
rPois    +         Spirit   .   (helmet currently unavailable)
rElec    .         Reflect  .   (cloak currently unavailable)
rCorr    .         Harm     .   (gloves currently unavailable)
MR       .....                  (boots currently unavailable)
Stlth    +.........             d - amulet of regeneration
Regen    0.7/turn               u - +1 ring of protection
MPRegen  0.2/turn               i - ring of magical power

@: ice-form, very slightly contaminated
A: (breathe lightning), unfitting armour, deterioration 1, AC +7
a: End Transformation, Upheaval, Renounce Religion


You were on level 6 of the Dungeon.
You worshipped Qazlal.
Qazlal was pleased with you.
You were not hungry.
You were a creature of crystalline ice.
You visited 1 branch of the dungeon, and saw 6 of its levels.

You collected 348 gold pieces.

Inventory:

Hand Weapons
 n - a +0 dagger of protection
 o - a +1 trident of venom
 q - a +1 whip of freezing
Missiles
 a - 131 arrows
Jewellery
 d - an amulet of regeneration (around neck)
 i - a ring of magical power (right front paw)
 t - an uncursed ring of fire
 u - a +1 ring of protection (left front paw)
 v - an uncursed ring of protection from cold
Scrolls
 e - 3 scrolls of blinking
 g - a scroll of remove curse
 h - a scroll of fog
 k - 6 scrolls of teleportation
 w - 2 scrolls of identify
 y - a scroll of amnesia
Potions
 f - 3 potions of agility
 j - 2 potions of haste
 p - 2 potions of curing
 r - a potion of flight
 x - 2 potions of heal wounds
Books
 b - a book of Changes

   Spells                             Type                      Level
   a - Beastly Appendage              Transmutation                1
   b - Sticks to Snakes               Transmutation                2
   c - Spider Form                    Transmutation/Poison         3
   d - Ice Form                       Ice/Transmutation            4
   e - Blade Hands                    Transmutation                5
Comestibles
 c - 5 bread rations
 l - 4 meat rations
 m - 16 chunks of flesh
 s - a royal jelly


   Skills:
 + Level 4.7 Fighting
 + Level 4.2 Dodging
 + Level 5.4 Unarmed Combat
 + Level 4.4 Spellcasting
 + Level 4.9 Transmutations
 + Level 3.7 Ice Magic
 + Level 4.0 Poison Magic
 + Level 4.0 Invocations


You had one spell level left.
You knew the following spells:

 Your Spells              Type           Power        Failure   Level  Hunger
a - Beastly Appendage     Tmut           ###...       2%          1    None
b - Spider Form           Tmut/Pois      ###.......   9%          3    ###....
c - Ice Form              Ice/Tmut       ###.....     28%         4    ####...
d - Blade Hands           Tmut           ###.......   54%         5    ######.
e - Sticks to Snakes      Tmut           ###.....     3%          2    ##.....


Dungeon Overview and Level Annotations

Branches:
Dungeon (6/15)
 Temple: D:4-7

Altars:
Ashenzari
Dithmenos
Makhleb
Qazlal
Sif Muna
Vehumet
Zin


Innate Abilities, Weirdness & Mutations

((You can breathe wild blasts of lightning.))
((Your glossy black scales are hard. (AC +7)))
You cannot fit into any form of body armour.
((You are resistant to electric shocks. (rElec)))
((You are cold-blooded and may be slowed by cold attacks.))
Your body sometimes deteriorates upon taking damage.


Message History

The two-headed ogre closely misses you.
The crimson imp blinks!
The crimson imp grins evilly.
The crimson imp blinks!
The adder skeleton completely misses you.
Your transformation has ended.
Casting: Spider Form
Confirm with . or Enter, or press ? or * to list all spells.
You miscast Ice Form.
You are very lightly contaminated with residual magic.
You feel uncomfortably cold.
Casting: Ice Form
Confirm with . or Enter, or press ? or * to list all spells.
You turn into a creature of crystalline ice.
You barely miss the two-headed ogre.
The two-headed ogre is severely wounded.
The two-headed ogre hits you with a giant club!!
* * * LOW HITPOINT WARNING * * *
The two-headed ogre hits you with a giant spiked club!!
You die...

#...........######
.................
#.......#.....##
#.......#.......
#.......#.......
###....########...
...'....))...))(...
#########....########...
#####...5ZOY'....'......#...
#.......#####....######.#.#'
#.......# #........<..#.#.
####.......# ####.###....#.#.
...........# #...#....#.#.
.........5.##########.#.####[#.
...=.?†.......).......#......#.
....#....#####################.
................ ........


You could see a two-headed ogre, a crimson imp and an adder skeleton.

Vanquished Creatures
  The ghost of appiemonkey the Geomancer, a novice GrEE (D:6)
  Pikel (D:4)
  The ghost of appiemonkey the Digger, an amateur GrEE (D:4)
  An ice beast (D:5)
  A sky beast (D:5)
  A slave (D:4)
  2 ogres
  A phantom (D:5)
  2 scorpions
  A centaur zombie (D:5)
  A bullfrog zombie (D:6)
  4 orc priests
  4 hounds
  A jelly (D:5)
  2 orc wizards
  2 worker ants
  A killer bee zombie (D:6)
  A hound skeleton (D:6)
  Robin (D:2)
  A howler monkey skeleton (D:5)
  10 adders
  2 oozes
  2 dart slugs
  2 leopard geckos
  23 orcs
  4 ball pythons
  A bat skeleton (D:2)
  A bat zombie (D:2)
  4 giant cockroaches
  13 goblins
  5 hobgoblins
  6 kobolds
  3 quokkas
  2 bats
  3 frilled lizards
  A leopard gecko zombie (D:5)
  A quokka skeleton (D:6)
  A quokka zombie (D:2)
  3 rats
117 creatures vanquished.

Notes
Turn   | Place    | Note
-------+----------+-------------------------------------------
     0 | D:1      | Lorindel the Draconian Transmuter began the quest for the Orb.
     0 | D:1      | Reached XP level 1. HP: 16/16 MP: 3/3
   131 | D:1      | Found a shattered altar of Ashenzari.
   482 | D:1      | Reached XP level 2. HP: 23/23 MP: 5/5
  1108 | D:2      | Reached XP level 3. HP: 22/29 MP: 6/6
  1184 | D:2      | Found a stormy altar of Qazlal.
  1201 | D:2      | Became a worshipper of Qazlal Stormbringer
  1249 | D:2      | Learned a level 3 spell: Spider Form
  1309 | D:2      | Noticed Robin
  1332 | D:2      | Killed Robin
  1332 | D:2      | Reached XP level 4. HP: 17/36 MP: 7/7
  1337 | D:2      | Reached * piety under Qazlal
  1543 | D:2      | Found a burning altar of Makhleb.
  1789 | D:3      | Found a glowing silver altar of Zin.
  1877 | D:3      | Reached skill level 1 in Poison Magic
  1990 | D:3      | Found a radiant altar of Vehumet.
  2020 | D:3      | Reached XP level 5. HP: 41/42 MP: 8/8
  2036 | D:3      | Learned a level 4 spell: Ice Form
  2588 | D:4      | Reached skill level 1 in Invocations
  2670 | D:4      | Noticed an ogre
  2671 | D:4      | Reached XP level 6. HP: 30/50 MP: 10/10
  2679 | D:4      | Reached ** piety under Qazlal
  2679 | D:4      | Reached skill level 4 in Unarmed Combat
  2679 | D:4      | Reached skill level 1 in Ice Magic
  2813 | D:4      | Noticed appiemonkey's ghost (amateur GrEE)
  2835 | D:4      | Killed appiemonkey's ghost
  2835 | D:4      | Your scales start taking on a glossy black colour.
  2835 | D:4      | Reached XP level 7. HP: 27/57 MP: 11/11
  2835 | D:4      | Gained mutation: You are resistant to electric shocks. (rElec) [Black Draconian growth]
  2937 | D:4      | Noticed Pikel
  2965 | D:4      | Killed Pikel
  3049 | D:4      | Found a deep blue altar of Sif Muna.
  3056 | D:4      | Learned a level 5 spell: Blade Hands
  3123 | D:4      | Reached XP level 8. HP: 63/63 MP: 13/13
  3268 | D:5      | Entered Level 5 of the Dungeon
  3361 | D:5      | Gained mutation: Your body sometimes deteriorates upon taking damage. [mutagenic meat]
  3683 | D:5      | Found a shadowy altar of Dithmenos.
  4289 | D:6      | Reached skill level 5 in Unarmed Combat
  4498 | D:6      | Noticed appiemonkey's ghost (novice GrEE)
  4508 | D:6      | Killed appiemonkey's ghost
  4508 | D:6      | Reached XP level 9. HP: 72/72 MP: 15/15
  4585 | D:6      | Learned a level 2 spell: Sticks to Snakes
  4680 | D:6      | Noticed a two-headed ogre
  4706 | D:6      | Demolished by a two-headed ogre

Skill      XL: |  1  2  3  4  5  6  7  8  9 |
---------------+----------------------------+-----
Dodging        | 2 3 4 |  4.2
Fighting       | 2 3 4 |  4.7
Poison Magic   | 1 2 3 4 |  4.0
Transmutations | 3 4 |  4.9
Invocations    | 1 2 3 4 |  4.0
Unarmed Combat | 4 5 |  5.4
Ice Magic      | 1 2 3 |  3.7
Spellcasting   | 3 4 |  4.4

Action                   |  1- 3 |  4- 6 |  7- 9 || total
-------------------------+-------+-------+-------++-------
Melee: Unarmed           |   119 |   171 |   216 ||   506
       Tailslap          |     7 |     5 |    15 ||    27
       Headbutt          |     3 |     2 |     8 ||    13
       Kick              |     6 |     4 |     7 ||    17
       Punch             |     1 |     1 |     2 ||     4
 Cast: Beastly Appendage |     9 |     8 |     8 ||    25
       Spider Form       |     2 |     8 |     6 ||    16
       Ice Form          |       |     1 |     5 ||     6
Invok: Upheaval          |       |     1 |     1 ||     2
 Abil: Breathe Lightning |       |       |     1 ||     1
       End Transformatio |       |       |     1 ||     1
  Use: Scroll            |     5 |    10 |     3 ||    18
       Potion            |       |     3 |     3 ||     6
  Eat: Chunk             |     2 |     6 |     5 ||    13
       Bread ration      |       |       |     1 ||     1
Armor: Skin              |    26 |    19 |    52 ||    97
Dodge: Dodged            |    82 |   119 |   147 ||   348
Block: Other             |       |     5 |    24 ||    29
